 Dungeon Crawl Stone Soup version 0.29.1-2-gbd0b4ee654 (webtiles) character file.

Game seed: 5391705418812562207

5035 Isirhion the Severer (level 10, -6/77 HPs)
             Began as a Minotaur Berserker on Nov 26, 2022.
             Was a Priest of Trog.
             Mangled by a nine-headed hydra (9 damage)
             ... on level 1 of the Lair of Beasts on Nov 27, 2022.
             The game lasted 00:41:51 (7937 turns).

Isirhion the Severer (Minotaur Berserker)           Turns: 7937, Time: 00:41:51

Health: -6/77      AC:  8    Str: 26    XL:     10   Next: 30%
Magic:  0/9        EV: 11    Int:  4    God:    Trog [***...]
Gold:   420        SH:  0    Dex: 10    Spells: 9/9 levels left

rFire   . . .      SeeInvis .   h - +2 war axe (vamp)
rCold   . . .      Faith    .   (no shield)
rNeg    . . .      Spirit   +   i - +0 acid dragon scales
rPois   .          Reflect  .   (helmet unavailable)
rElec   .          Harm     .   (no cloak)
rCorr   +          Rampage  .   (no gloves)
Will    .....                   (no boots)
Stlth   +.........              c - amulet of guardian spirit
HPRegen 0.22/turn               (no ring)
MPRegen 0.11/turn               (no ring)

@: no status effects
A: horns 3, retaliatory headbutt, iridescent scales 1, MP-powered wands
a: Renounce Religion, Berserk, Trog's Hand


You were on level 1 of the Lair of Beasts.
You worshipped Trog.
Trog was most pleased with you.
You visited 2 branches of the dungeon, and saw 8 of its levels.

You collected 420 gold pieces.

Inventory:

Hand Weapons
 h - a +2 vampiric war axe (weapon)
Armour
 i - +0 acid dragon scales (worn)
Jewellery
 c - an amulet of guardian spirit (around neck)
Wands
 f - a wand of iceblast (4)
 k - a wand of mindburst (13)
 l - a wand of flame (4)
Scrolls
 a - a scroll of immolation {unknown}
 b - a scroll of magic mapping {unknown}
 g - a scroll of identify
 m - 2 scrolls of torment {unknown}
Potions
 d - a potion of haste
 e - a potion of lignification {unknown}
 j - a potion of resistance
 n - a potion of ambrosia


   Skills:
 - Level 3.6 Fighting
 + Level 17.9 Axes
 - Level 2.4 Armour
 - Level 2.1 Dodging


You had 9 spell levels left.
You didn't know any spells.
Your spell library was empty.

Dungeon Overview and Level Annotations

Branches:
Dungeon (8/15)             Temple (0/1) D:6            Lair (1/5) D:8

Altars:
Kikubaaqudgha
Trog
Vehumet
Wu Jian

Shops:
D:2 (=!


Innate Abilities, Weirdness & Mutations

You have a pair of large horns on your head.
You reflexively headbutt those who attack you in melee.
You are partially covered in iridescent scales. (AC +2)
You expend magic power (3 MP) to strengthen your wands.


Message History

The five-headed hydra grows two more!
You slash the seven-headed hydra!
The seven-headed hydra is moderately wounded.
The seven-headed hydra bites you but does no damage. x2
The seven-headed hydra bites you.
The seven-headed hydra bites you but does no damage.
The seven-headed hydra bites you! The seven-headed hydra bites you. x2
The seven-headed hydra attacks as you move away!
The seven-headed hydra bites you! The seven-headed hydra bites you. x2
The seven-headed hydra barely misses you. x2
The seven-headed hydra bites you!
* * * LOW HITPOINT WARNING * * *
The seven-headed hydra completely misses you.
You slice the komodo dragon!!
You feel better.
You headbutt the komodo dragon.
The komodo dragon is severely wounded.
You completely miss the seven-headed hydra.
The komodo dragon bites you but does no damage.
You closely miss the komodo dragon.
The komodo dragon is severely wounded.
You slice one of the seven-headed hydra's heads off!
The six-headed hydra grows two more!
You slash the eight-headed hydra!
You feel better.
The eight-headed hydra barely misses you.
You furiously retaliate!
You headbutt the eight-headed hydra.
The eight-headed hydra completely misses you.
The eight-headed hydra bites you but does no damage. x2
The eight-headed hydra bites you.
The eight-headed hydra bites you but does no damage.
The eight-headed hydra barely misses you.
The eight-headed hydra bites you! The komodo dragon bites you!!
* * * LOW HITPOINT WARNING * * *
You slash the komodo dragon!
The komodo dragon is almost dead.
You lop one of the eight-headed hydra's heads off!
The seven-headed hydra grows two more!
You slash the nine-headed hydra! The nine-headed hydra bites you!
* * * LOW HITPOINT WARNING * * *
The nine-headed hydra bites you.
* * * LOW HITPOINT WARNING * * *
The nine-headed hydra bites you!
You die...

~~~. ....... ..~...
##...... ≈≈≈≈........#
#!....#
~~≈≈~~.......###.....#
...~§≈~≈≈~~.....#......#
..§≈≈≈≈≈≈§§~≈.......P#
.~≈§§§≈≈≈§§≈≈~....F.#
~≈≈≈≈≈§≈≈≈≈≈~~..lD..######
≈≈≈≈≈≈≈≈~~~§§.#.@........#
~~≈≈≈≈≈~§.................
.≈~~~≈~≈.§....#...........
......~~..................
.....~≈.....§.............
......≈........##.........
....###.##.....###........
....P#.........# ..#....##
....###.............#####


You could see a nine-headed hydra, a komodo dragon and a blink frog.

Vanquished Creatures
  The ghost of yogakurto the Firebug, a novice GnFE (D:8)
  A cane toad (Lair:1)
  A rime drake (Lair:1)
  Sigmund (D:2)
  2 yaks (D:8)
  4 vampire mosquitoes
  Menkaure (D:4)
  A warg (D:8)
  5 water moccasins
  An acid dragon (D:8)
  6 orc warriors
  A sky beast (D:6)
  2 ice beasts
  2 centaurs (D:8)
  2 kobold brigands
  5 bullfrogs
  A gnoll sergeant (D:6)
  2 scorpions
  3 wights (D:6)
  3 howler monkeys
  An orc priest (D:8)
  3 hounds
  An iguana (D:4)
  3 orc wizards
  3 gnolls (D:6)
  3 adders
  A shadow imp (D:7)
  A white imp (D:7)
  An ufetubus (D:7)
  5 dart slugs
  20 orcs
  6 endoplasms
  A giant cockroach (D:1)
  11 goblins
  9 hobgoblins
  3 quokkas
  11 ball pythons
  5 bats
  3 frilled lizards
  9 kobolds
  6 rats
  A spectral kobold (D:1)
152 creatures vanquished.

Vanquished Creatures (others)
  A butterfly (Lair:1)
  5 fungi (D:8)
  3 plants (D:8)
9 creatures vanquished.

Grand Total: 161 creatures vanquished

Notes
Turn   | Place    | Note
-------+----------+-------------------------------------------
     0 | D:1      | Isirhion the Minotaur Berserker began the quest for the
                  | Orb.
     0 | D:1      | Reached XP level 1. HP: 19/19 MP: 0/0
    34 | D:1      | Reached skill level 4 in Axes
   337 | D:1      | Reached XP level 2. HP: 22/26 MP: 1/1
   618 | D:1      | Found a faded altar of an unknown god.
   750 | D:1      | Reached skill level 5 in Axes
   811 | D:1      | Reached XP level 3. HP: 31/31 MP: 2/2
   909 | D:1      | Reached ** piety under Trog
  1154 | D:2      | Found Ichem's Antique Weapon Boutique.
  1251 | D:2      | Found Boqeuxt's Jewellery Emporium.
  1492 | D:2      | Reached XP level 4. HP: 39/39 MP: 3/3
  1594 | D:2      | Reached skill level 6 in Axes
  1627 | D:2      | Noticed Sigmund
  1635 | D:2      | Killed Sigmund
  1636 | D:2      | Reached skill level 7 in Axes
  1636 | D:2      | Reached XP level 5. HP: 28/45 MP: 4/4
  2031 | D:2      | Found Ruteazud's Distillery.
  2150 | D:3      | Found a radiant altar of Vehumet.
  2309 | D:3      | Reached skill level 8 in Axes
  2819 | D:4      | Reached XP level 6. HP: 51/51 MP: 5/5
  3017 | D:4      | Noticed Menkaure
  3025 | D:4      | Killed Menkaure
  3026 | D:4      | Reached skill level 9 in Axes
  3240 | D:4      | Reached XP level 7. HP: 53/57 MP: 4/6
  3326 | D:4      | Gained mutation: You expend magic power (3 MP) to
                  | strengthen your wands. [potion of mutation]
  3326 | D:4      | Gained mutation: You are partially covered in iridescent
                  | scales. (AC +2) [potion of mutation]
  3326 | D:4      | Gained mutation: You have a pair of large horns on your
                  | head. [potion of mutation]
  3440 | D:4      | You fall into a shaft and drop 2 floors!
  3484 | D:6      | Reached skill level 10 in Axes
  3767 | D:6      | Found a staircase to the Ecumenical Temple.
  3843 | D:6      | Reached *** piety under Trog
  3844 | D:6      | Reached skill level 11 in Axes
  4010 | D:6      | HP: 2/57 [gnoll/+0 spear[a gnoll sergeant] (5)]
  4050 | D:6      | Reached XP level 8. HP: 47/64 MP: 4/7
  4334 | D:6      | Reached skill level 12 in Axes
  4675 | D:7      | Reached skill level 13 in Axes
  5131 | D:7      | Found an ornate altar of the Wu Jian Council.
  5364 | D:7      | Reached skill level 14 in Axes
  5796 | D:8      | Reached XP level 9. HP: 34/70 MP: 1/8
  6030 | D:8      | Reached skill level 15 in Axes
  6056 | D:8      | Identified the +0 pair of gloves of Analysis {Will+}
  6132 | D:8      | Found an ancient bone altar of Kikubaaqudgha.
  6295 | D:8      | Found a runed translucent gate.
  6295 | D:8      | Found a runed translucent gate.
  6295 | D:8      | Found a runed translucent gate.
  6299 | D:8      | Noticed yogakurto's ghost (novice GnFE)
  6321 | D:8      | Killed yogakurto's ghost
  6322 | D:8      | Reached skill level 16 in Axes
  6449 | D:8      | Found a bloodstained altar of Trog.
  6567 | D:8      | Reached skill level 17 in Axes
  6567 | D:8      | Reached XP level 10. HP: 36/77 MP: 5/9
  7327 | D:8      | Found a staircase to the Lair.
  7557 | Lair:1   | Entered Level 1 of the Lair of Beasts
  7557 | Lair:1   | Noticed a cane toad
  7566 | Lair:1   | Killed a cane toad
  7928 | Lair:1   | Noticed a six-headed hydra
  7937 | Lair:1   | HP: 3/77 [nine-headed hydra (5)]
  7937 | Lair:1   | Mangled by a nine-headed hydra

Illustrated notes

Levels and vault maps discovered:
D:1:      nicolae_arrival_memento_mori, layout_basic,
          dreamdust_ecumenical_altar_drowned_temple
D:2:      layout_basic, serial_shops, shop, nicolae_shop_advertising_works
          [nicolae_subvault_shop_adworks], nicolae_diamond_shop,
          nicolae_underground_beach, uniq_sigmund
D:3:      layout_basic, vehumet_crystals
D:4:      layout_cave_pods, uniq_menkaure
D:6:      layout_gridville, minmay_temple_entry_junction_2
D:7:      layout_loops_cross, nicolae_wu_jian_wuxing_cycle
D:8:      layout_loops_ring, mainiacjoe_overflow_brackets,
          mainiacjoe_overflow_concentric_impassable,
          grunt_lair_entry_orc_guard_hut, serial_aquarium,
          aquarium_bridge_square [aquarium_subvault_wall,
          aquarium_subvault_window, aquarium_subvault_bridge,
          aquarium_subvault_bridge], aquarium_bridge_square
          [aquarium_subvault_bridge, aquarium_subvault_window,
          aquarium_subvault_bridge, aquarium_subvault_balcony],
          aquarium_window_corner, aquarium_window_1, aquarium_view_2b,
          aquarium_balcony_1b, aquarium_pool_corner, biasface_ghost_orc_armoury
Lair:1:   layout_cellular_growth, lemuel_old_faithful, lemuel_fruit_fields

Skill      XL: |  1  2  3  4  5  6  7  8  9 |
---------------+----------------------------+-----
Axes           | 4 5 7 8 9 11 14 17 | 17.9
Fighting       | |  3.6
Armour         | |  2.4
Dodging        | |  2.1

Action                   |  1- 3 |  4- 6 |  7- 9 | 10-12 || total
-------------------------+-------+-------+-------+-------++-------
Melee: Hand axe          |    86 |    73 |     5 |       ||   164
       Headbutt          |    13 |    10 |    22 |     8 ||    53
       Punch             |     1 |     2 |     1 |     1 ||     5
       War axe           |       |       |   158 |    30 ||   188
Invok: Berserk           |     1 |     5 |     5 |     1 ||    12
       Trog's Hand       |       |       |     4 |       ||     4
Evoke: Wand              |       |       |    10 |       ||    10
  Use: Scroll            |       |     7 |     6 |       ||    13
       Potion            |       |       |    10 |     1 ||    11
 Stab: Sleeping          |     1 |       |       |       ||     1
Armor: Animal skin       |    18 |     4 |    35 |       ||    57
       Acid dragon scale |       |       |    26 |     8 ||    34
Dodge: Dodged            |    57 |    37 |    97 |    21 ||   212
